 Dungeon Crawl Stone Soup version 0.30-a0-140-gd1020e658a (webtiles) character file.

Game seed: 2891485539602003458

74 Pixllover the Ruffian (level 4, -1/37 HPs)
             Began as a Ghoul Gladiator on Sept 24, 2022.
             Killed from afar by Natasha (5 damage)
             ... with a puff of flame
             ... on level 2 of the Dungeon.
             The game lasted 00:06:30 (1352 turns).

Pixllover the Ruffian (Ghoul Gladiator)             Turns: 1352, Time: 00:06:30

Health: -1/37      AC:  9    Str: 19    XL:     4   Next: 30%
Magic:  3/3        EV:  8    Int:  3    God:
Gold:   132        SH:  0    Dex: 10    Spells: 3/3 levels left

rFire   . . .      SeeInvis .    l - +0 short sword
rCold   + . .      Faith    .    (no shield)
rNeg    + + +      Spirit   .    j - +0 chain mail
rPois   ∞          Reflect  .    b - +0 helmet
rElec   .          Harm     .    (no cloak)
rCorr   .          Rampage  .    (no gloves)
Will    .....                    (no boots)
Stlth   ..........               (no amulet)
HPRegen 0.00/turn                (no ring)
MPRegen 0.08/turn                (no ring)

@: flying, inhibited regen
A: claws 1, cold resistance 1, negative energy resistance 3, inhibited
regeneration, torment resistance 2, devour on kill
a: no special abilities


You were on level 2 of the Dungeon.
You visited 1 branch of the dungeon, and saw 2 of its levels.

You collected 132 gold pieces.

Inventory:

Hand Weapons
 l - a +0 short sword (weapon)
Missiles
 c - 3 throwing nets (quivered)
 d - a javelin
 q - 6 poisoned darts
Armour
 a - a +0 leather armour
 b - a +0 helmet (worn)
 j - a +0 chain mail (worn)
Jewellery
 e - a +4 ring of protection
 r - an amulet of faith
Scrolls
 f - a scroll of identify
 g - a scroll of blinking {unknown}
 h - a scroll of silence {unknown}
 i - a scroll of immolation {unknown}
 o - a scroll of magic mapping {unknown}
 p - a scroll of teleportation {unknown}
Potions
 k - a potion of mutation
 n - a potion of heal wounds {unknown}


   Skills:
 + Level 2.7 Fighting
 + Level 1.3 Short Blades
 + Level 1.7 Throwing
 + Level 1.1 Armour
 + Level 3.1 Dodging
 + Level 4.1 Unarmed Combat


You had 3 spell levels left.
You didn't know any spells.
Your spell library contained the following spells:

 Spells                   Type           Power      Damage    Failure   Level
 Hailstorm                Conj/Ice       0%         3d3       100%        4
 Simulacrum               Ice/Necr       0%         N/A       100%        6
 Ice Form                 Ice/Tmut       Unusable   N/A       N/A         4

Dungeon Overview and Level Annotations

Branches:
Dungeon (2/15)

Altars:

Annotations:
D:2 Natasha


Innate Abilities, Weirdness & Mutations

You are immune to poison.
You have sharp fingernails.
Your flesh is cold resistant. (rC+)
You are immune to negative energy. (rN+++)
You do not regenerate when monsters are visible.
You are immune to unholy pain and torment.
You thrive by killing the living.


Message History

The bat hits you but does no damage. The bat barely misses you.
You completely miss the bat. The bat hits you but does no damage.
The bat hits you but does no damage. The bat hits you but does no damage.
You barely miss the bat. Your claw misses the bat.
The bat hits you but does no damage. The bat closely misses you.
The bat hits you but does no damage.
You closely miss the bat. The bat hits you but does no damage.
The bat hits you.
You hit the bat.
The bat is severely wounded.
The bat closely misses you. The bat barely misses you.
Natasha, Servant of Life and Death comes into view.
She is carrying a wand of flame (5).
The bat hits you but does no damage.
Natasha hisses angrily.
The bat barely misses you.
Natasha casts a spell.
You miss the bat. The bat barely misses you.
You closely miss the bat. The bat hits you.
The bat hits you but does no damage.
The bat hits you but does no damage. x2; The bat barely misses you.
You hit the bat but do no damage. The bat hits you.
Natasha claws you but does no damage.
You hit Natasha.
Natasha is lightly wounded.
The bat closely misses you. Natasha claws you!
* * * LOW HITPOINT WARNING * * *
You closely miss Natasha.
Natasha is lightly wounded.
The bat hits you but does no damage.
Natasha zaps a wand.
The puff of flame hits you.
* * * LOW HITPOINT WARNING * * *
The bat closely misses you.
It was a potion of flight.
You feel very buoyant.
You fly up into the air.
Natasha zaps a wand.
The puff of flame hits you.
You die...

...............
...........####
....###########+## # ####
.........# # .........##
## ..........# ###.
..........# ..##...
.......5..# .......
.......b@.# .....#.
.......h..# ...>...
..........# .......
..........+## ##........
..........#.###.#...####.
....................####.
................#........
....###.#......##..#####'
... ###..[...#.........


You could see Natasha, a shadow imp (summoned) and a bat.

Vanquished Creatures
  An adder (D:2)
  A worm (D:2)
  A dart slug (D:1)
  5 endoplasms
  4 giant cockroaches
  5 goblins
  6 hobgoblins
  5 kobolds
  6 quokkas
  5 ball pythons
  8 bats
  2 frilled lizards (D:1)
  6 rats
55 creatures vanquished.

Notes
Turn   | Place    | Note
-------+----------+-------------------------------------------
     0 | D:1      | Pixllover the Ghoul Gladiator began the quest for the Orb.
     0 | D:1      | Reached XP level 1. HP: 17/17 MP: 0/0
   123 | D:1      | Reached XP level 2. HP: 24/24 MP: 1/1
   259 | D:1      | Reached skill level 4 in Unarmed Combat
   366 | D:1      | Reached XP level 3. HP: 26/30 MP: 2/2
  1105 | D:2      | Reached skill level 1 in Armour
  1105 | D:2      | Reached XP level 4. HP: 35/37 MP: 3/3
  1135 | D:2      | Found a faded altar of an unknown god.
  1175 | D:2      | Reached skill level 1 in Short Blades
  1341 | D:2      | Noticed Natasha
  1352 | D:2      | Killed from afar by Natasha

Illustrated notes

Levels and vault maps discovered:
D:1:      mrwooster_arrival_arrow, layout_basic, minmay_pentomino_z4
D:2:      layout_basic, serial_rivers, chequers_serial_rivers_micro_e,
          chequers_serial_rivers_room_a, chequers_serial_rivers_room_b,
          chequers_serial_rivers_room_a, chequers_serial_rivers_micro_a,
          chequers_serial_rivers_marsh,
          hellmonk_ecumenical_altar_pennies_from_heaven,
          kennysheep_cross_bottleneck, uniq_natasha

Skill      XL: |  1  2  3  4 |
---------------+-------------+-----
Unarmed Combat | 4 |  4.1
Dodging        | 3 |  3.1
Armour         | 1 |  1.1
Short Blades   | 1 |  1.3
Fighting       | |  2.7
Throwing       | |  1.7

Action                   |  1- 3 |  4- 6 || total
-------------------------+-------+-------++-------
Melee: Unarmed           |    22 |       ||    22
       Short sword       |   174 |    75 ||   249
       Punch             |     3 |     1 ||     4
  Use: Scroll            |     1 |       ||     1
       Potion            |       |     1 ||     1
Armor: Leather armour    |    10 |       ||    10
       Chain mail        |   157 |    47 ||   204
Dodge: Dodged            |   135 |    34 ||   169

Table legend: (Time is in decaauts)
 A = Elapsed time spent in this place.
 B = Non-inter-level travel time spent in this place.
 C = Inter-level travel time spent in this place.
 D = Time resting spent in this place.
 E = Time spent auto-exploring this place.
 F = Levels seen in this place.
 G = Mean time per level.
                   A        B        C        D        E       F      G
               +--------+--------+--------+--------+--------+-----+--------+
         Total |   1351 |   1337 |     14 |      0 |    326 |   2 |  675.5 |
       Dungeon |   1351 |   1337 |     14 |      0 |    326 |   2 |  675.5 |
               +--------+--------+--------+--------+--------+-----+--------+

Top non-repeatable levels by time:
     D:1: 980 daAuts
     D:2: 371 daAuts
